 Dungeon Crawl Stone Soup version 0.17-a0-776-gd86b262 (webtiles) character file.

29 RFJesus1egend4r12 the Chopper (level 3, 14/29 HPs)
             Began as a Demonspawn Berserker on Apr 24, 2015.
             Was a Believer of Trog.
             Quit the game on level 1 of the Dungeon.
             The game lasted 00:01:05 (811 turns).

RFJesus1egend4r12 the Chopper (Demonspawn Berserker) Turns: 811, Time: 00:01:05

Health: 14/29      AC:  2    Str: 18    XL:     3   Next: 1%
Magic:  3/3        EV: 12    Int:  8    God:    Trog [**....]
Gold:   54         SH:  0    Dex: 12    Spells: 0 memorised, 2 levels left

rFire  . . .     SeeInvis .     a - +0 hand axe
rCold  . . .     Clarity  .     b - +0 animal skin
rNeg   . . .     SustAb   .     (no shield)
rPois  .         Gourm    .     (helmet restricted)
rElec  .         Spirit   .     (no cloak)
rCorr  .         Warding  .     (no gloves)
rMut   .         Stasis   .     (no boots)
MR     .....                    (no amulet)
Stlth  +.........               (no ring)
                                (no ring)

@: not resistant to hostile enchantments, very unstealthy
A: antennae 1, spiny 1
a: Burn Spellbooks, Berserk, Trog's Hand, Renounce Religion


You were on level 1 of the Dungeon.
You worshipped Trog.
Trog was pleased with you.
You were not hungry.

You visited 1 branch of the dungeon, and saw 1 of its levels.

You collected 54 gold pieces.

Inventory:

Hand weapons
 a - a +0 hand axe (weapon)
Armour
 b - a +0 animal skin (worn)
Jewellery
 h - an uncursed ring of flight {unknown}
   (You found it on level 1 of the Dungeon)
Scrolls
 d - 2 scrolls of identify {unknown}
 e - a scroll of random uselessness {unknown}
 g - a scroll of immolation {unknown}
Potions
 j - a potion of brilliance {unknown}
Comestibles
 c - a bread ration {@e1}
 f - a meat ration {@e2}
 i - a chunk of flesh {@w0}


   Skills:
 - Level 3.0 Fighting
 * Level 3.8 Axes
 - Level 1.7 Armour
 - Level 1.7 Dodging


You had 2 spell levels left.
You didn't know any spells.

Dungeon Overview and Level Annotations

Branches:
Dungeon (1/15)

Altars:


Innate Abilities, Weirdness & Mutations

You have a pair of small antennae on your head.
You are partially covered in sharp spines.


Message History

There is an open door here.
You open the door.
A bat comes into view.
You are feeling hungry.
The bat barely misses you.
A bat is nearby!
A bat is nearby!
A bat is nearby!
You barely miss the bat. The bat closely misses you.
The bat closely misses you. The bat hits you.
There is an open door here.
The bat hits you. The bat misses you.
You take 1 damage, and have 19/24 hp.
You hit the bat but do no damage. The bat hits you but does no damage.
You miss the bat. The bat hits you.
You take 1 damage, and have 18/24 hp.
You hit the bat but do no damage. The bat barely misses you.
You closely miss the bat. The bat hits you but does no damage.
The bat barely misses you.
You barely miss the bat. The bat closely misses you.
You hit the bat but do no damage. The bat barely misses you.
You barely miss the bat. The bat hits you. The bat closely misses you.
You take 1 damage, and have 17/24 hp.
You slash the bat!
You kill the bat!
Trog accepts your kill.
No target in view!
No target in view!
No target in view!
No target in view!
You see here a bat corpse.
You butcher the bat corpse.
i - a chunk of flesh {@w0} You see here a bat skeleton.
Eating a chunk of flesh {@w0}.
You continue eating. x2
There is an open door here.
There is an open door here.
A bat comes into view.
A bat is nearby!
A bat is nearby!
A bat is nearby!
You hit the bat.
You kill the bat!
Trog accepts your kill.
No target in view!
No target in view!
No target in view!
No target in view!
No target in view!
You see here a bat corpse.
You butcher the bat corpse.
i - a chunk of flesh {@w0} A giant cockroach comes into view.
A giant cockroach is nearby!
A giant cockroach is nearby!
A giant cockroach is nearby!
You hit the giant cockroach. The giant cockroach misses you.
The giant cockroach misses you.
You hit the giant cockroach. The giant cockroach bites you.
You take 2 damage, and have 19/24 hp.
You hit the giant cockroach.
You kill the giant cockroach!
Trog accepts your kill.
No target in view!
You see here a giant cockroach corpse.
Found a shiny ring mail.
You see here a shiny ring mail.
j - an emerald potion A hobgoblin comes into view.
A hobgoblin is nearby!
The hobgoblin shouts!
The hobgoblin hits you.
You take 2 damage, and have 19/24 hp.
You barely miss the hobgoblin. The hobgoblin hits you.
You hit the hobgoblin. The hobgoblin closely misses you.
You hit the hobgoblin but do no damage. The hobgoblin hits you.
You take 4 damage, and have 15/24 hp.
You hit the hobgoblin but do no damage. The hobgoblin hits you.
You take 1 damage, and have 14/24 hp.
You are too injured to fight recklessly!
You are too injured to fight recklessly!
You are too injured to fight recklessly!
You are too injured to fight recklessly!
You are too injured to fight recklessly!
You are too injured to fight recklessly!
You are too injured to fight recklessly!
You closely miss the hobgoblin. The hobgoblin hits you.
You take 3 damage, and have 11/24 hp.
You hit the hobgoblin.
You kill the hobgoblin!
Trog accepts your kill.
You have reached level 3!
Your experience leads to an increase in your attributes!
Increase (S)trength, (I)ntelligence, or (D)exterity?
You feel stronger.
Your demonic ancestry asserts itself...
Sharp spines emerge from parts of your body.
You regained 2 hp, and now have 13/29 hp.
MP restored: 3

....# ..####.....#
....# ...........#
....# .........#.#
....# #########.#
....# #.# ....# #.#
....# #.#
....##############.#
............[...@..#
##################.#
#.# #.# #.# #.# #.#
#.# #..


There were no monsters in sight!

Vanquished Creatures
  4 giant cockroaches (D:1)
  A goblin (D:1)
  3 hobgoblins (D:1)
  5 jackals (D:1)
  4 bats (D:1)
  3 giant newts (D:1)
  5 kobolds (D:1)
  A rat (D:1)
26 creatures vanquished.

Notes
Turn   | Place    | Note
--------------------------------------------------------------
     0 | D:1      | RFJesus1egend4r12, the Demonspawn Berserker, began the quest for the Orb.
     0 | D:1      | Reached XP level 1. HP: 18/18 MP: 1/1
   117 | D:1      | Reached skill level 3 in Axes
   203 | D:1      | Gained mutation: You have a pair of small antennae on your head. [demonic ancestry]
   203 | D:1      | Reached XP level 2. HP: 17/24 MP: 2/2
   518 | D:1      | Acquired Trog's second power
   799 | D:1      | Gained mutation: You are partially covered in sharp spines. [demonic ancestry]
   799 | D:1      | Reached XP level 3. HP: 13/29 MP: 3/3
   811 | D:1      | Quit the game

Action                   || total
-------------------------++-------
Melee: Hand axe          ||    82
Invok: Berserk           ||     2
  Eat: Chunk             ||     2

Vault maps used:
D:1:      dpeg_arrival_prison, minivault_24, st_stairs_7, minmay_quantized

Table legend:
 A = Turns spent in this place as a percentage of turns spent in the entire game.
 B = Non-inter-level travel turns spent in this place as a percentage of non-inter-level travel turns spent in the entire game.
 C = Inter-level travel turns spent in this place as a percentage of turns spent in this place.
 D = Turns resting spent in this place as a percentage of non-inter-level travel turns spent in this place.
 E = Turns spent auto-exploring this place as a percentage of non-inter-level travel turns spent in this place.
 F = Non-inter-level travel turns spent in this place divided by the number of levels of this place that you've seen.
                   A       B       C       D       E      F
               +-------+-------+-------+-------+-------+----------------------
         Total | 100.0 | 100.0 |   0.0 |   3.7 |   9.8 | 325.0
       Dungeon | 100.0 | 100.0 |   0.0 |   3.7 |   9.8 | 325.0
               +-------+-------+-------+-------+-------+----------------------

Table legend:
 A = Kills in this place as a percentage of kills in entire the game.
 B = Kills by you in this place as a percentage of kills by you in the entire game.
 C = Kills by friends in this place as a percentage of kills by friends in the entire game.
 D = Other kills in this place as a percentage of other kills in the entire game.
 E = Experience gained in this place as a percentage of experience gained in the entire game.
 F = Experience gained in this place divided by the number of levels of this place that you have seen.
                   A       B       C       D       E      F
               +-------+-------+-------+-------+-------+----------------------
         Total | 100.0 | 100.0 |  -nan |  -nan | 100.0 |  42.0
       Dungeon | 100.0 | 100.0 |  -nan |  -nan | 100.0 |  42.0
               +-------+-------+-------+-------+-------+----------------------
